Unix NetHack Version 5.0.0-0 post-release - last build May 31 2026 23:59:36 (970b52f25bf058293b47ddfd14a1e40e571c508c,branch:main).

Game began 2026-06-07 15:07:45, ended 2026-06-07 15:33:00.

Jobair, lawful female dwarven Archeologist

                                    ------
   ------                         ##.....|
   |+...|                         # |.....#
   |....|                     ######+.(..|#
   |....|             #########   # |{<..|#          -------------
   |....|      -----  #    #0#######.....|#     #####............|
   |....-##    |...|### #### #      |....|#     #    |...........|
   ------ #    |....### -----#      ------#     #    |...........|
          #####....|  # |....#          ###     #    |...........|
               -----  d |.>.|           #       #    |...........|
                      #@Z.{.|           #  #  ###    -------------
                        -|---           #--|--#
                         #              #....|#
                                         |....#
                                         |...|
                                         -----

Jobair the Field Worker    St:11 Dx:11 Co:13 In:15 Wi:15 Ch:11  Lawful
Dlvl:4  $:0  HP:0(29) Pw:7(7) AC:7  Xp:4 T:2368 

Latest messages:
 The paper golem hits!
 You lash the paper golem.
 The paper golem hits!
 You lash the paper golem.
 The paper golem hits!
 You lash the paper golem.
 The paper golem hits!
 You miss the paper golem.
 The paper golem hits!
 You lash the paper golem.
 The paper golem hits!
 What do you want to use or apply?
 You produce a strange whistling sound.
 Godzilla appears.
 The paper golem hits!
 You destroy the paper golem!
 You swap places with Godzilla.
 You hear a door open.
 t - 2 unlabeled scrolls.
 t - an unlabeled scroll (3 in total).
 You swap places with Godzilla.
 You see here an uncursed sack containing 26 items.
 You put 3 unlabeled scrolls into the sack.
 You hear someone counting gold coins.
 The orc zombie opens a door.
 You destroy the orc zombie!
 In what direction? 6
 The door closes.
 The orc zombie opens a door.
 Are you waiting to get hit?  Use 'm' prefix to force a no-op (to rest).
 Are you waiting to get hit?  Use 'm' prefix to force a no-op (to rest).
 Are you waiting to get hit?  Use 'm' prefix to force a no-op (to rest).
 Are you waiting to get hit?  Use 'm' prefix to force a no-op (to rest).
 Are you waiting to get hit?  Use 'm' prefix to force a no-op (to rest).
 Are you waiting to get hit?  Use 'm' prefix to force a no-op (to rest).
 Are you waiting to get hit?  Use 'm' prefix to force a no-op (to rest).
 Are you waiting to get hit?  Use 'm' prefix to force a no-op (to rest).
 Are you waiting to get hit?  Use 'm' prefix to force a no-op (to rest).
 Are you waiting to get hit?  Use 'm' prefix to force a no-op (to rest).
 Are you waiting to get hit?  Use 'm' prefix to force a no-op (to rest).
 You lash the orc zombie.
 The orc zombie hits!
 You miss the orc zombie.
 The orc zombie hits!
 You die...
 Do you want your possessions identified? [ynq] (y) y
 Do you want to see your attributes? [ynq] (y) y
 Do you want an account of creatures vanquished? [ynaq] (y) y
 Do you want to see your conduct and achievements? [ynq] (y) y
 Do you want to see the dungeon overview? [ynq] (y) y

Inventory:
 Weapons  (')')
  v - 4 +2 darts
  M - a +0 elven dagger
  m - 2 +0 orcish daggers
  a - a +2 bullwhip (weapon in right hand)
 Armor    ('[')
  k - an uncursed +0 orcish helm (being worn)
  F - an uncursed +0 pair of elven boots (being worn)
  N - an uncursed +0 dwarvish cloak (being worn)
  h - an uncursed +0 leather jacket (being worn)
 Tools    ('(')
  w - an uncursed magic whistle
 Gems/Stones  ('*')
  g - an uncursed touchstone

Jobair the Archeologist's attributes:

Background:
 You were a Field Worker, a level 4 female dwarven Archeologist.
 You were lawful, nominally on a mission for Quetzalcoatl
 who was opposed by Camaxtli (neutral) and Huhetotl (chaotic).
 You were right-handed.
 You were in the Dungeons of Doom, on level 4.
 You entered the dungeon 2368 turns ago.
 You had 99 experience points, 61 more were needed to attain level 5.

Basics:
 You had 0 out of 29 hit points.
 You had all 7 energy points (spell power).
 Your armor class was 7.
 Your wallet was empty.
 Autopickup was off.

Final Characteristics:
 Your strength was 11 (limit:18/100).
 Your dexterity was 11 (limit:20).
 Your constitution was 13 (limit:20).
 Your intelligence was 15 (limit:16).
 Your wisdom was 15 (limit:16).
 Your charisma was 11 (limit:16).

Final Status:
 You weren't hungry.
 You were unencumbered.
 You were wielding a whip.
 You had basic skill with whip.

Final Attributes:
 You were piously aligned.
 Your items were somewhat protected from fire.
 Your items were somewhat protected from cold.
 You had automatic searching.
 You had infravision.
 You were stealthy.
 You were warded.
 You are dead.

Miscellaneous:
 You didn't encounter any bones levels.
 Total elapsed playing time was 25 minutes and 13 seconds.

Major events:
 Turn
    1: Jobair the lawful female dwarven Archeologist entered the dungeon
  818: attained the rank of Field Worker (level 3)
 1440: entered the Gnomish Mines
 2368: killed by an orc zombie

You didn't know any spells.

Skills:
 Fighting Skills
   bare handed combat [Unskilled]
   two weapon combat  [Unskilled]
   riding             [Unskilled]
 Weapon Skills
   dagger             [Unskilled]
   knife              [Unskilled]
   pick-axe           [Basic]
   short sword        [Unskilled]
   saber              [Unskilled]
   club               [Unskilled]
   quarterstaff       [Unskilled]
   sling              [Unskilled]
   dart               [Unskilled]
   boomerang          [Unskilled]
   whip               [Basic]
   unicorn horn       [Unskilled]
 Spellcasting Skills
   attack spells      [Unskilled]
   healing spells     [Unskilled]
   divination spells  [Unskilled]
   matter spells      [Unskilled]

Voluntary challenges:
 Character rerolling was not enabled.
 You were an atheist.
 You never genocided any monsters.
 You never polymorphed an object.
 You never changed form.
 You used no wishes.
Achievements:
 You attained the rank of Field Worker.
 You entered a shop.
 You entered the Gnomish Mines.

 The Dungeons of Doom: levels 1 to 4
    Level 1:
       A fountain.
    Level 2:
       A fountain.
    Level 3:
       A general store, a grave.
       Stairs down to The Gnomish Mines.
    Level 4: <- You were here.
       A scroll shop, some fountains.
       Final resting place for
          you, killed by an orc zombie.
 The Gnomish Mines:
    Level 4:


Vanquished creatures:
  a shrieker
  a paper golem
  a rothe
 an orc zombie
 an iguana
  2 coyotes
  2 hobbits
  a large kobold
  a giant rat
  a red mold
  2 geckos
  a jackal
  a fox
  a kobold
  3 goblins
  3 grid bugs
  5 lichens
 10 newts
38 creatures vanquished.

No species were genocided or became extinct.

Game over:
                       ----------
                      /          \
                     /    REST    \
                    /      IN      \
                   /     PEACE      \
                  /                  \
                  |      Jobair      |
                  |       0 Au       |
                  | killed by an orc |
                  |      zombie      |
                  |                  |
                  |                  |
                  |       2026       |
                 *|     *  *  *      | *
        _________)/\\_//(\/(/\)/\//\/|_)_______

Goodbye Jobair the Archeologist...

You died in The Dungeons of Doom on dungeon level 4 with 546 points,
and 0 pieces of gold, after 2368 moves.
You were level 4 with a maximum of 29 hit points when you died.

